 Dungeon Crawl Stone Soup version 0.30-a0-330-g8f2769a82d (webtiles) character file.

Game seed: 8857961827636374852

33 Harunobu the Trooper (level 3, -4/33 HPs)
             Began as a Minotaur Monk on Oct 29, 2022.
             Slain by a goblin
             ... wielding a +0 dagger
             ... led by Robin
              (6 damage)
             ... on level 2 of the Dungeon.
             The game lasted 00:01:32 (1148 turns).

Harunobu the Trooper (Minotaur Monk)                Turns: 1148, Time: 00:01:32

Health: -4/33      AC:  2    Str: 17    XL:     3   Next: 12%
Magic:  2/2        EV: 13    Int:  7    God:
Gold:   48         SH:  0    Dex: 12    Spells: 2/2 levels left

rFire   . . .      SeeInvis .    f - +0 falchion (drain)
rCold   . . .      Faith    .    (no shield)
rNeg    . . .      Spirit   .    b - +0 robe
rPois   .          Reflect  .    (helmet restricted)
rElec   .          Harm     .    (no cloak)
rCorr   .          Rampage  .    (no gloves)
Will    .....                    (no boots)
Stlth   ++........               (no amulet)
HPRegen 0.25/turn                (no ring)
MPRegen 0.08/turn                (no ring)

@: no status effects
A: horns 2, retaliatory headbutt
a: no special abilities


You were on level 2 of the Dungeon.
You visited 1 branch of the dungeon, and saw 2 of its levels.

You collected 48 gold pieces.

Inventory:

Hand Weapons
 a - a +0 mace
 f - a +0 falchion of draining (weapon)
Armour
 b - a +0 robe (worn)
Scrolls
 d - a scroll of butterflies {unknown}
 e - a scroll of teleportation {unknown}
 g - 2 scrolls of identify {unknown}
 h - a scroll of blinking {unknown}
 i - a scroll of fear {unknown}
 j - a scroll of vulnerability {unknown}
 k - a scroll of noise {unknown}
Potions
 c - 2 potions of ambrosia
 l - 4 potions of curing {unknown}


   Skills:
 + Level 4.2 Fighting
 - Level 3.6 Maces & Flails
 + Level 3.8 Dodging
 + Level 2.2 Stealth


You had 2 spell levels left.
You didn't know any spells.
Your spell library contained the following spells:

 Spells                   Type           Power      Damage    Failure   Level
 Cigotuvi's Dreadful Rot  Necr/Pois/Air  0%         N/A       56%         2
 Poisonous Vapours        Pois/Air       0%         N/A       56%         2
 Mephitic Cloud           Conj/Pois/Air  0%         N/A       80%         3


Dungeon Overview and Level Annotations

Branches:
Dungeon (2/15)

Altars:

Annotations:
D:2 Robin


Innate Abilities, Weirdness & Mutations

You have a pair of horns on your head.
You reflexively headbutt those who attack you in melee.


Message History

a +0 club; a +0 dagger; a goblin corpse
Things that are here:
a +0 dagger; a +0 club; a goblin corpse You start resting.
HP restored.
Things that are here:
a +0 club; a +0 dagger; a goblin corpse A goblin comes into view.
It is wielding a +0 club.
The goblin moves out of view. 2 goblins come into view.
A goblin and a hobgoblin come into view.
The goblin shouts! x2
The goblin unwields a +0 dagger.
The goblin wields a +0 sling.
The goblin shoots a sling bullet.
The sling bullet hits you.
A goblin comes into view. It is wielding a +0 club.
The goblin shouts!
You hear a shout! x2
Robin of the Strong Arm comes into view.
They are wielding a +0 short sword.
The goblin shouts!
A goblin comes into view. It is wielding a +0 club.
The goblin shoots a sling bullet.
The sling bullet closely misses you.
The goblin enters a dispersal trap!
The goblin blinks!
The hobgoblin blinks!
The goblin blinks! x2; You blink.
The goblin blinks!
The goblin enters a dispersal trap!
The goblin blinks!
Robin blinks!
The goblin blinks! x4; Robin blinks!
The goblin blinks! x3; You blink.
The goblin blinks!
Robin roars a battlecry!
The goblins go into a battle-frenzy!
The goblin unwields a +0 dagger.
The goblin wields a +0 sling.
The goblin shoots a sling bullet.
The sling bullet hits you.
The goblin shoots a sling bullet.
The sling bullet hits you. The goblin hits you with a +0 club.
Robin throws the goblin at you!
The goblin unwields a +0 sling.
The goblin wields a +0 dagger.
The goblin hits you with a +0 dagger.
You barely miss the goblin. Robin throws the goblin at you!
The goblin hits you with a +0 club. x2
* * * LOW HITPOINT WARNING * * *
The goblin shoots a sling bullet.
The sling bullet hits you.
* * * LOW HITPOINT WARNING * * *
The goblin hits you with a +0 dagger.
You die...

### #.#### .....#
#.##.#######################
...............g@gg.........
...............g.(..........
#.....#.########............
......#.## #....g.......
#...†.#..## #..^..[......
......##..# #......g.....
.#....###)# ##........§..
.#....# #)### #....g......
.#....# #...# #......§....


You could see Robin, a hobgoblin (strong) and 5 goblins.

Vanquished Creatures
  A worm (D:2)
  8 bats
  3 endoplasms
  A giant cockroach (D:1)
  4 quokkas
  A frilled lizard (D:1)
  6 goblins
  2 rats (D:1)
26 creatures vanquished.

Notes
Turn   | Place    | Note
-------+----------+-------------------------------------------
     0 | D:1      | Harunobu the Minotaur Monk began the quest for the Orb.
     0 | D:1      | Reached XP level 1. HP: 19/19 MP: 0/0
   243 | D:1      | Reached XP level 2. HP: 27/27 MP: 1/1
   330 | D:1      | Found a faded altar of an unknown god.
   340 | D:1      | Reached skill level 4 in Fighting
   979 | D:2      | Reached XP level 3. HP: 31/33 MP: 2/2
  1142 | D:2      | Noticed Robin
  1148 | D:2      | Slain by a goblin

Illustrated notes

Levels and vault maps discovered:
D:1:      ebering_hopf_link, layout_rooms, serial_corexii_hall,
          corexii_hall_statues_x, corexii_hall_statues_i,
          shapermc_ecumenical_altar_totnotflames, minivault_14,
          amcnicky_mini_corridor_feature, minmay_octomino_j4
D:2:      layout_basic, uniq_robin

Skill      XL: |  1  2 |
---------------+-------+-----
Fighting       | 4 |  4.2
Stealth        | 2 |  2.2
Maces & Flails | |  3.6
Dodging        | |  3.8

Action                   || total
-------------------------++-------
Melee: Mace              ||    19
       Falchion          ||    31
       Headbutt          ||     5
 Stab: Sleeping          ||     5
Armor: Robe              ||     6
Dodge: Dodged            ||    28

Table legend: (Time is in decaauts)
 A = Elapsed time spent in this place.
 B = Non-inter-level travel time spent in this place.
 C = Inter-level travel time spent in this place.
 D = Time resting spent in this place.
 E = Time spent auto-exploring this place.
 F = Levels seen in this place.
 G = Mean time per level.
                   A        B        C        D        E       F      G
               +--------+--------+--------+--------+--------+-----+--------+
         Total |   1160 |   1147 |     13 |    188 |    728 |   2 |  580.0 |
       Dungeon |   1160 |   1147 |     13 |    188 |    728 |   2 |  580.0 |
               +--------+--------+--------+--------+--------+-----+--------+

Top non-repeatable levels by time:
     D:1: 703 daAuts
     D:2: 457 daAuts
